Cogmind - Beta 14 @@@ ROGUE MODE // 2024.08.28 @ 10:10:29 Player: Daoboi Result: Destroyed by S-10 Pest with Light Assault Rifle Performance ------------- Evolutions (0) 0 Regions Visited (2) 400 Robots Destroyed (5) 25 Value Destroyed (83) 83 Prototype IDs (0) 0 Alien Tech Used (0) 0 Bonus (42) 42 TOTAL SCORE: 550 Bonus ------- Follower Combat Kills 42 Cogmind --------- Core Integrity 0/250 Matter 300/300 Energy 250/250 System Corruption 0% Temperature Cool (9) Movement Walking (120) Location -10/Mines Parts ------- > --- POWER (1) -------- Ion Engine > --- PROPULSION (2) --- Aluminum Leg Aluminum Leg > --- UTILITY (2) ------ Heat Sink Small Storage Unit > --- WEAPON (2) ------- Small Laser > --- INVENTORY (8) ---- Light Ion Engine Light Treads Light Treads Signal Interpreter Core Shielding Decoy Drone Bay Signal Generator Peak State ------------ > --- POWER ------------ Ion Engine > --- PROPULSION ------- Compact Wheel Compact Wheel > --- UTILITY ---------- Small Storage Unit Sensor Array > --- WEAPON ----------- Medium Laser Medium Laser > --- INVENTORY -------- Light Ion Engine Light Ion Engine Light Treads Light Treads Signal Interpreter Medium Laser Mining Laser Signal Generator [Rating: 8] Favorites ----------- Power Ion Engine Engine Ion Engine Propulsion Aluminum Leg Leg Aluminum Leg Wheel Compact Wheel Utility Small Storage Unit Device Heat Sink Storage Small Storage Unit Weapon Small Laser Energy Gun Small Laser Ballistic Gun Assault Rifle Launcher Grenade Launcher Special Weapon Mining Laser Build | -11 -10 -10 ------- Run | Yrd Mat Min Slots Evolved . | . . . Power . | . . . Propulsion . | . . . Utility . | . . . Weapon . | . . . Parts Attached 18 | 6 2 10 Power 3 | 1 . 2 Engine 3 | 1 . 2 Core . | . . . Reactor . | . . . Propulsion 5 | 2 . 3 Treads . | . . . Leg 3 | . . 3 Wheel 2 | 2 . . Hover . | . . . Flight . | . . . Utility 3 | 1 1 1 Device 2 | . 1 1 Storage 1 | 1 . . Processor . | . . . Hackware . | . . . Protection . | . . . Artifact . | . . . Weapon 7 | 2 1 4 Energy Gun 4 | 1 1 2 Energy Cannon . | . . . Ballistic Gun 1 | 1 . . Ballistic Cannon . | . . . Launcher 1 | . . 1 Special Weapon 1 | . . 1 Impact Weapon . | . . . Slashing Weapon . | . . . Piercing Weapon . | . . . Special Melee Weapon . | . . . Unidentified Prototypes . | . . . Parts Lost 7 | . . 7 Power . | . . . Propulsion 2 | . . 2 Utility 1 | . . 1 Weapon 4 | . . 4 Highest Loss Streak 7 | . . 7 To Critical Strikes . | . . . Average Slot Usage (%) 84 | . 90 83 Engine 14 | . 14 14 Leg 19 | . . 22 Wheel 7 | . 28 3 Device 11 | . 5 12 Storage 14 | . 14 14 Energy Gun 15 | . 22 14 Peak Build Rating 8 | 6 7 8 Average Rating 7 | 4 6 7 On Entrance 4 | . 6 7 Naked Turns . | . . . Heaviest Build 16 | 14 15 16 Greatest Support 32 | 32 32 32 Greatest Overweight (x) 3 | 2 . 3 Average Overweight (x) . | . . . Largest Inventory Capacity 8 | 8 8 8 Average Capacity 7 | 6 8 8 Most Carried 8 | 7 8 8 Average Carried 7 | 4 7 7 Final Capacity 8 | 8 8 8 Final Carried 8 | 7 8 8 Class Distribution -------------------- 63% | Scavenger-Mutant 36% | Mutant Dominant Class ---------------- Mutant | -10/Materials Scavenger-Mutant | -10/Mines Resources | -11 -10 -10 ----------- Run | Yrd Mat Min Matter Collected 367 | 118 27 222 Remotely . | . . . Salvage Created 119 | 26 51 42 Parts 6 | 2 4 . Haulers Intercepted . | . . . Recyclers Shooed . | . . . Parts Field Recycled . | . . . Retrieved Matter . | . . . Parts Self-Destructed . | . . . Prevented . | . . . Kills | -11 -10 -10 ------- Run | Yrd Mat Min Combat Hostiles Destroyed 2 | . 1 1 Guns 2 | . 1 1 Classes Destroyed 4 | 1 2 1 Tunneler 1 | 1 . . Watcher 2 | . 2 . Swarmer 1 | . 1 . Grunt 1 | . . 1 Best Kill Streak 2 | 1 2 1 Combat Bots Only 1 | . 1 1 Max Kills in Single Turn 1 | 1 1 1 Gunslinging . | . . . Exploded . | . . . Melee . | . . . Uniques/NPCs Destroyed . | . . . Combat | -11 -10 -10 -------- Run | Yrd Mat Min Hostile Shots Fired 38 | . 5 33 Missed 10 | . 2 8 Damage Taken 723 | . 22 701 Core 257 | . 8 249 Absorbed by Shields . | . . . Core Remaining (%) 100 | 100 . . Volleys Fired 30 | 1 7 22 Largest 2 | 2 2 2 Hottest 100 | 70 100 100 Shots Fired 39 | 2 14 23 Gun 37 | 2 14 21 Cannon . | . . . Launcher 1 | . . 1 Special 1 | . . 1 Kinetic 4 | 1 3 . Thermal 34 | 1 11 22 Explosive 1 | . . 1 Electromagnetic . | . . . Robot Hit Streak 7 | 1 4 7 Robot Miss Streak 3 | . 3 1 Penetration Max . | . . . Secondary Targets . | . . . Shots Hit Robots 26 | 1 7 18 Core Hits 8 | 1 3 4 Critical Kills . | . . . Critical Parts Destroyed . | . . . Critical Strikes . | . . . Melee Attacks . | . . . Impact . | . . . Slashing . | . . . Piercing . | . . . Sneak Attacks . | . . . Combat Hostiles . | . . . Follow-up Attacks . | . . . Damage Inflicted 251 | 13 87 151 Guns 215 | 13 87 115 Cannons . | . . . Explosions 12 | . . 12 Melee . | . . . Ramming . | . . . Kinetic 13 | . 13 . Thermal 226 | 13 74 139 Explosive 12 | . . 12 Electromagnetic . | . . . Impact . | . . . Slashing . | . . . Piercing . | . . . Highest Corruption . | . . . Average Corruption . | . . . Corruption Purged . | . . . Corruption Blocked . | . . . Overload Shots . | . . . Overflow Damage . | . . . Projectiles . | . . . Explosions . | . . . Melee . | . . . Knockbacks . | . . . Impact . | . . . Kinetic . | . . . Secondary . | . . . Self-Inflicted Damage 25 | . . 25 Shots 1 | . . 1 Rammed . | . . . Targets Rammed . | . . . Kicked . | . . . Crushed . | . . . Highest Temperature 78 | 9 78 38 Average Temperature 26 | 6 32 18 Received Heat Transfer 48 | . . 48 Siege Activations . | . . . Robots Corrupted . | . . . Combat Hostiles . | . . . Parts Fried . | . . . Impact Corruptions . | . . . Robots Melted . | . . . Combat Hostiles . | . . . Parts Melted . | . . . Heat Transferred 595 | 37 222 336 Parts Sabotaged . | . . . Parts Stolen . | . . . Parts Stripped . | . . . Power Chain Reactions . | . . . Alert | -11 -10 -10 ------- Run | Yrd Mat Min Peak Influence 101 | 5 101 74 Initial 39 | . 3 39 Average 16 | 1 45 13 Maximum Alert Level . | . . . Low Security (%) 100 | 100 100 100 Level 1 . | . . . Level 2 . | . . . Level 3 . | . . . Level 4 . | . . . Level 5 . | . . . High Security . | . . . Max Security . | . . . Squads Dispatched 2 | . 1 1 Investigation 1 | . 1 . Extermination . | . . . Reinforcement . | . . . Assault 1 | . . 1 Garrison . | . . . Intercept . | . . . Searches Triggered . | . . . Construction Impeded . | . . . Haulers Reinforced . | . . . Active Scanning Responses . | . . . Cargo Convoy Interrupts . | . . . Stealth | -11 -10 -10 --------- Run | Yrd Mat Min Distress Signals 1 | . 1 . Communications Jammed . | . . . Distress Signals . | . . . Times Spotted 15 | . 5 10 Peak Tracking Total 4 | . 3 4 Tactical Retreats 1 | . 1 . Traps | -11 -10 -10 ------- Run | Yrd Mat Min Traps Triggered 1 | . 1 . Indirectly . | . . . Trap Hack Attempts . | . . . Triggered . | . . . Disarmed . | . . . Reprogrammed . | . . . Reused . | . . . Traps Extracted . | . . . Installed . | . . . Triggered . | . . . Machines | -11 -10 -10 ---------- Run | Yrd Mat Min Machines Disabled . | . . . Max in Single Turn . | . . . Machines Repaired . | . . . Machines Dismantled . | . . . Machines Sabotaged . | . . . Overloaded Fab Kills . | . . . Hacking | -11 -10 -10 --------- Run | Yrd Mat Min Machines Accessed 2 | . 1 1 Terminals 1 | . 1 . Fabricators . | . . . Repair Stations . | . . . Recycling Units . | . . . Scanalyzers . | . . . Garrison Access . | . . . Total Hacks 5 | . 4 1 Successful 3 | . 2 1 Failed 2 | . 2 . Catastrophic . | . . . Database Lockouts . | . . . Manual . | . . . Terminals 4 | . 4 . Fabricators . | . . . Repair Stations . | . . . Recycling Units . | . . . Scanalyzers . | . . . Garrison Access . | . . . Terminal Hacks 3 | . 2 1 Robot Analysis 1 | . 1 . Open Door 1 | . . 1 Locate Traps 1 | . 1 . Fabricator Hacks . | . . . Repair Station Hacks . | . . . Recycling Unit Hacks . | . . . Scanalyzer . | . . . Garrison Access Hacks . | . . . Unauthorized Hacks . | . . . Terminals . | . . . Fabricators . | . . . Repair Stations . | . . . Recycling Units . | . . . Scanalyzers . | . . . Garrison Access . | . . . Data Cores Recovered . | . . . Used . | . . . Hacking Detections 1 | . 1 . Full Trace Events . | . . . Feedback Events . | . . . Feedback Blocked . | . . . Robot Schematics Acquired . | . . . Robots Built . | . . . Authchips . | . . . Time . | . . . Total Robot Build Rating . | . . . Part Schematics Acquired . | . . . Parts Built . | . . . Authchips . | . . . Time . | . . . Total Part Build Rating . | . . . Parts Repaired . | . . . Time . | . . . Parts Recycled . | . . . Recycled Matter . | . . . Retrieved Matter . | . . . Retrieved Components . | . . . Parts Scanalyzed . | . . . Part Schematics Acquired . | . . . Parts Damaged . | . . . Bothacking | -11 -10 -10 ------------ Run | Yrd Mat Min Used RIF Installer . | . . . Robots Hacked . | . . . Non-combat . | . . . Combat . | . . . Robot Hacks Applied . | . . . Relay Couplers Released . | . . . Fabnet Peak Effective % . | . . . Robots Rewired . | . . . Allies Hacked . | . . . Hacks Repelled . | . . . Allies | -11 -10 -10 -------- Run | Yrd Mat Min Total Allies 4 | . . 4 Largest Group 3 | . . 3 Highest-Rated Group 40 | . . 40 Highest-Rated Ally 31 | . . 31 Total Orders . | . . . Ally Attacks 24 | . . 24 Total Damage 294 | . . 294 Kills 2 | . . 2 Allies Corrupted . | . . . Allies Melted . | . . . Intel | -11 -10 -10 ------- Run | Yrd Mat Min Robot Analysis Total 1 | . 1 . Derelict Logs Recovered . | . . . Drone Launches . | . . . Drone Recoveries . | . . . Exploration | -11 -10 -10 ------------- Run | Yrd Mat Min Turns Passed 932 | 74 126 732 Spaces Moved 658 | 66 100 492 Core 48 | 31 . 17 Treads . | . . . Legs 388 | . . 388 Wheels 222 | 35 100 87 Hover . | . . . Flight . | . . . Fastest Speed 50 | 50 100 100 Average Speed 112 | 84 100 119 Slowest Speed 200 | 150 100 200 Overloaded Moves . | . . . Propulsion Burnouts . | . . . Robots Hopped . | . . . Cave-ins Triggered . | . . . Exploration Rate (%) 35 | 3 24 78 Regions Visited 2 Branch Regions 1 Pre-discovered Areas . | . . . Known Exits Taken . | . . . Unknown Exits Taken 2 | 1 1 . Scrap Searched 1 | . . 1 Spaces Dug . | . . . Terrain Destroyed 8 | . . 8 Melee . | . . . Projectile . | . . . AOE 8 | . . 8 Terrain Rammed . | . . . Walls Destroyed . | . . . Machines Disabled . | . . . Actions | -11 -10 -10 --------- Run | Yrd Mat Min Total 802 | 79 111 612 Wait 80 | . 1 79 Move 656 | 65 99 492 Hop . | . . . Pick Up 12 | 7 1 4 Fast Attach 12 | 6 2 4 Attach 2 | . . 2 Detach . | . . . Swap 4 | . . 4 Drop 6 | . 1 5 Fire 30 | 1 7 22 Melee . | . . . Ram . | . . . Kick . | . . . Crush . | . . . Escape Stasis . | . . . Rewire . | . . . Trap . | . . . Miscellaneous . | . . . Route ------- -11/Scrapyard -10/Materials -10/Mines History --------- Turn | Location | Event 20 | -11/Scrapyard | Discovered new exit (range 16) 75 | -11/Scrapyard | Entered Materials 137 | -10/Materials | Discovered new exit (range 11) 201 | -10/Materials | Entered Mines 202 | -10/Mines | Met a Derelict testing a Signal Generator 213 | -10/Mines | Found Signal Generator 246 | -10/Mines | Met a Derelict bent on vengeance 270 | -10/Mines | YI-UF0 nonchalantly dropped a Grenade Launcher on the ground 310 | -10/Mines | Core integrity fell below 50% 316 | -10/Mines | Core integrity fell below 20% 333 | -10/Mines | Build established: Mutant 346 | -10/Mines | Lost 7 parts (2n1u4w) 439 | -10/Mines | Assisted by bots powering up and referring to "LRC-V3" 515 | -10/Mines | Found the Drone Emporium 527 | -10/Mines | Found Prototype Device 643 | -10/Mines | Build established: Scavenger-Mutant 933 | -10/Mines | Destroyed by S-10 Pest with Light Assault Rifle Last Messages --------------- C&D." 00517_ HF-XI3(g): "I'm a fan of the free market. Free drones for all! No strings attached!" 00527_ Dropped Ion Engine. 00527_ Acquired Prototype Device. 00714_ U-05 Engineer lays Concrete. 00717_ U-05 Engineer builds a Wall. 00748_ Seismic Survey Station disabled. 00762_ G-34 Mercenary destroyed. 00765_ Mercenary 1a destroyed. 00781_ G-47 Trooper overheating. 00781_ G-47 Trooper destroyed. 00784_ Acquired 56 matter. 00787_ Dropped Aluminum Leg. 00790_ Acquired 10 matter. 00799_ Dropped Lgt. Ion Engine. 00801_ Acquired 10 matter. 00825_ U-05 Engineer builds a Wall. 00830_ U-05 Engineer lays Concrete. 00929_ S-10 Pest destroyed. Map ----- +----------------------------------------------------+ | ###########??????????????????????????????????? | | ?????????????????????????????????????????????? | | ?????????????????????????????????????????????? | | ?????????????????????????????????????????????? | | ##???????????????????????????????????????????? | | =#???????????????????????????????????????????? | | %#???????????????????????????????????????????? | | *####???????? ???????????????????????????????? | | % #???????# ??????????????????????????????? | | "" #???????# ??????????????????????????????? | | """ #???????# ??????????????????????????????? | | """ #???????# #?????????????????????????????? | | #???????# #?????????????????????????????? | | #####???????# #???####??????????????????????? | | ????????????# #??## ##?????????????????????? | | ????????????# #?## ##????????????????????? | | ????????????# ### #####????????????????? | | ????????????# ##???????????????? | | ????????????# #???????????????? | | ???????????## #### #???????????????? | | ?????????### ##??## #???????????????? | | ????????## #???## ##???????????????? | | ????????# #??## ##???????#????????? | | ????????# ##??# ##?????? #????????? | | ???????## ####??## #????? #????????? | | ???##### ##????## g@#### #????????? | | ??## #?????# g s #????????? | | ?## #?????## s%= ###???????????? | | ## #??????######## ##?????????????? | | # ### #???????????????#??????????????? | | # ### #??????????????????????????????? | | # ### #??????????????????????????????? | | #?# #??????????????????????????????? | | #?# ##??????????????????????????????? | | ###### ##?###???????????????????????????????? | | ?????####????????????????????????????????????? | | ?????????????????????????????????????????????? | | ?????????????????????????????????????????????? | | | | | | | | | | | | | | | | | | | | | | | | | +----------------------------------------------------+ Best States ------------- Heat Dissipation 35 Energy Generation 10 Energy Capacity 250 Matter Stores 300 Matter Capacity 300 Sight Range 16 Robot Scan Range 14 Terrain Scan Density 10 Evasion (%) 55 Item Schematics ----------------- None Robot Schematics ------------------ None Fabricated ------------ Nothing Alien Tech Used ----------------- None Achievements -------------- None Challenges ------------ None Game ------ Seed SuperquantumProtonFirepult Manual? 0 Play Time 00:14:40 Cumulative 9.6 hours Start 2024.08.28 @ 09:56:50 End 2024.08.28 @ 10:10:29 Sessions 1 Manual Loads 0 Difficulty Rogue Special Mode None Game No. 18 Rogue 18 Adventurer 0 Explorer 0 Win Type - Total 0 Types 0/0/0/0/0/0/0/0/0 Lore% 10 Gallery% 20 Achievement% 22 Wizard Run 0 Options --------- Layout 1 ASCII 0 Keyboard 0 Movement Numpad Keybinds 0 Fullscreen 1 Font 24/Smallcaps Map View 50x35 Zoom Use 0% Tactical HUD 1 Map Filters NONE Filters NONE Steam 1 RUN: d17ed373-129d-4b32-97d2-c34ca5af89cc